 Dungeon Crawl Stone Soup version 0.28-a0-1435-g82390b3a13 (webtiles) character file.

Game seed: 11260122775315664863

35 Ajdolov the Ruffian (level 3, 0/31 HPs)
             Began as a Naga Transmuter on Jan 9, 2022.
             Slain by an adder (2 damage)
             ... on level 2 of the Dungeon.
             The game lasted 00:05:12 (1737 turns).

Ajdolov the Ruffian (Naga Transmuter)               Turns: 1737, Time: 00:05:12

Health: 0/31       AC:  2    Str: 12    XL:     3   Next: 33%
Magic:  5/6        EV:  9    Int: 15    God:
Gold:   29         SH:  0    Dex: 11    Spells: 2/6 levels left

rFire   . . .      SeeInvis +     - Unarmed
rCold   . . .      Faith    .   (no shield)
rNeg    . . .      Spirit   .   a - +0 robe
rPois   +          Reflect  .   (helmet currently unavailable)
rElec   .          Harm     .   (no cloak)
rCorr   .          Rampage  .   (no gloves)
Will    .....                   (no barding)
Stlth   +.........              (no amulet)
HPRegen 0.10/turn               (no ring)
MPRegen 0.10/turn               (no ring)

@: short of breath, appendages, very slow
A: horns 2, AC +1, large, see invisible, deformed body, poison resistance,
slowness 2, spit poison 1, naga tail 1
a: Spit Poison, End Transformation


You were on level 2 of the Dungeon.
You had temporarily grown beastly horns.
You visited 1 branch of the dungeon, and saw 2 of its levels.

You collected 29 gold pieces.

Inventory:

Missiles
 g - 5 atropa-tipped darts
Armour
 a - a +0 robe (worn)
 h - a +0 helmet (melded)
Scrolls
 c - a scroll of fog {unknown}
 e - 4 scrolls of identify {unknown}
 f - a scroll of magic mapping {unknown}
Potions
 d - a potion of resistance {unknown}
 i - a potion of heal wounds {unknown}
 j - a potion of attraction {unknown}


   Skills:
 - Level 1.5 Fighting
 - Level 1.5 Dodging
 - Level 3.3 Unarmed Combat
 - Level 2.0 Spellcasting
 + Level 2.9 Transmutations
 * Level 1.0 Poison Magic


You had 2 spell levels left.
You knew the following spells:

 Your Spells              Type           Power      Damage    Failure   Level
a - Beastly Appendage     Tmut           20%        N/A       7%          1
b - Spider Form           Tmut/Pois      7%         N/A       30%         3

Your spell library contained the following spells:

 Spells                   Type           Power      Damage    Failure   Level
 Wereblood                Tmut           10%        N/A       10%         2
 Ice Form                 Ice/Tmut       5%         N/A       77%         4


Dungeon Overview and Level Annotations

Branches:
Dungeon (2/15)

Altars:

Shops:
D:1 *


Innate Abilities, Weirdness & Mutations

You have temporarily grown beastly horns.
Your serpentine skin is tough. (AC +1)
You have supernaturally acute eyesight. (SInv)
Armour fits poorly on your strangely shaped body.
Your system is resistant to poisons. (rPois)
You cover ground very slowly.
You can spit poison.
You have a snake-like lower body.


Message History

The adder is moderately wounded.
The adder barely misses you.
You barely miss the adder. Your headbutt misses the adder.
The adder is moderately wounded.
The adder bites you.
You hit the adder. You punch the adder, but do no damage.
The adder is severely wounded.
The adder bites you.
You hit the adder.
You kill the adder!
Your horns disappear.
Your +0 helmet unmelds from your body.
You have got your breath back.
Your Poison Magic skill increases to level 1!
You barely miss the adder. The adder bites you but does no damage.
Unknown command.
Okay, then.
Casting: Beastly Appendage (safe; 7% risk of failure)
Confirm with . or Enter, or press ? or * to list all spells.
You grow a pair of large bovine horns.
Your +0 helmet melds into your body.
The adder bites you.
* * * LOW HITPOINT WARNING * * *
The adder completely misses you.
Aiming: Spit Poison (2% risk of failure)
Press: ? - help, Shift-Dir - straight line, f - adder
Aim: an adder The splash of poison hits the adder.
The adder is poisoned.
The adder is heavily wounded.
The adder barely misses you.
You hit the adder. Your headbutt misses the adder.
The adder is severely wounded.
The adder closely misses you.
You barely miss the adder.
The adder is severely wounded.
The adder bites you.
* * * LOW HITPOINT WARNING * * *
You closely miss the adder.
The adder is severely wounded.
The adder bites you.
You die...

#......##....
......
######.##.#+
...... #.##.#.
..S.!.
##'##.#.##^.....
#.....#.........
#.....#.........
#.....#.........
#.....##........
#.....@S........
#....###........
##.### #........
#.# ###......
#.# ......
...... ......
.... ....


You could see an adder (poisoned).

Vanquished Creatures
  An adder (D:2)
  2 endoplasms
  4 giant cockroaches
  A goblin (D:1)
  A hobgoblin (D:1)
  4 jackals (D:1)
  2 quokkas (D:1)
  2 ball pythons (D:1)
  2 bats (D:1)
  A frilled lizard (D:1)
  A kobold (D:1)
  2 rats (D:1)
23 creatures vanquished.

Notes
Turn   | Place    | Note
-------+----------+-------------------------------------------
     0 | D:1      | Ajdolov the Naga Transmuter began the quest for the Orb.
     0 | D:1      | Reached XP level 1. HP: 18/18 MP: 3/3
   257 | D:1      | Reached XP level 2. HP: 25/25 MP: 5/5
   856 | D:1      | Found Kutwip's Assorted Antiques.
  1197 | D:1      | Found a faded altar of an unknown god.
  1526 | D:2      | Reached XP level 3. HP: 31/31 MP: 6/6
  1619 | D:2      | Learned a level 3 spell: Spider Form
  1732 | D:2      | Reached skill level 1 in Poison Magic
  1737 | D:2      | Slain by an adder

Illustrated notes

Levels and vault maps discovered:
D:1:      minmay_arrival_stair_chambers, layout_basic,
          shapermc_ecumenical_altar_pompeii, serial_shops, shop
D:2:      layout_basic, basic_altar

Skill      XL: |  1  2  3 |
---------------+----------+-----
Poison Magic   | 1 |  1.0
Fighting       | |  1.5
Dodging        | |  1.5
Unarmed Combat | |  3.3
Spellcasting   | |  2.0
Transmutations | |  2.9

Action                   || total
-------------------------++-------
Melee: Unarmed           ||    94
       Headbutt          ||     4
       Punch             ||     2
 Cast: Beastly Appendage ||     4
 Abil: Spit Poison       ||    12
  Use: Potion            ||     2
Armor: Robe              ||    18
Dodge: Dodged            ||    55

Table legend: (Time is in decaauts)
 A = Elapsed time spent in this place.
 B = Non-inter-level travel time spent in this place.
 C = Inter-level travel time spent in this place.
 D = Time resting spent in this place.
 E = Time spent auto-exploring this place.
 F = Levels seen in this place.
 G = Mean time per level.
                   A        B        C        D        E       F      G
               +--------+--------+--------+--------+--------+-----+--------+
         Total |   2105 |   2085 |     20 |      8 |   1817 |   2 | 1052.5 |
       Dungeon |   2105 |   2085 |     20 |      8 |   1817 |   2 | 1052.5 |
               +--------+--------+--------+--------+--------+-----+--------+

Top non-repeatable levels by time:
     D:1: 1816 daAuts
     D:2: 288 daAuts
